 Dungeon Crawl Stone Soup version 0.22-a0-402-ga933591 (webtiles) character file.

480 Borgoz the Cutter (level 7, -4/45 HPs)
             Began as a Gargoyle Monk on May 6, 2018.
             Slain by a wolf (7 damage)
             ... led by Grum
             ... on level 8 of the Dungeon.
             The game lasted 00:06:09 (4114 turns).

Borgoz the Cutter (Gargoyle Monk)                   Turns: 4114, Time: 00:06:10

Health: -4/45      AC: 16    Str: 12 (14) XL:     7   Next: 12%
Magic:  7/7        EV:  6    Int:  9 (11) God:
Gold:   187        SH:  0    Dex: 14      Spells: 6/6 levels left

rFire    . . .     SeeInvis .   a - +0 short sword
rCold    . . .     Gourm    .   (no shield)
rNeg     + . .     Faith    .   q - +2 chain mail {MR+}
rPois    ∞         Spirit   .   (no helmet)
rElec    +         Reflect  .   (no cloak)
rCorr    .         Harm     .   (no gloves)
MR       +....                  (no boots)
Stlth    ..........             (no amulet)
HPRegen  0.15/turn              (no ring)
MPRegen  0.10/turn              (no ring)

@: no status effects
A: rugged brown scales 1, blurry vision 1, negative energy resistance 1,
electricity resistance, unbreathing, petrification resistance, rot immunity, AC
+4
a: no special abilities


You were on level 8 of the Dungeon.
You were not hungry.

You visited 1 branch of the dungeon, and saw 6 of its levels.

You collected 187 gold pieces.

Inventory:

Hand Weapons
 a - a +0 short sword (weapon)
Armour
 q - a +2 chain mail of magic resistance (worn)
Wands
 b - a wand of random effects (48)
Scrolls
 e - a scroll of enchant armour {unknown}
 f - 5 scrolls of remove curse {unknown}
 g - 3 scrolls of amnesia {unknown}
 h - a scroll of immolation {unknown}
 i - 5 scrolls of teleportation {unknown}
 j - 2 scrolls of blinking {unknown}
 k - 2 scrolls of fear {unknown}
 l - a scroll of magic mapping {unknown}
 n - 2 scrolls of identify {unknown}
 u - a scroll of random uselessness {unknown}
 v - a scroll of noise {unknown}
Potions
 o - a potion of flight
 r - 2 potions of degeneration
Comestibles
 c - a ration


   Skills:
 + Level 4.4 Fighting
 * Level 5.3 Short Blades
 + Level 2.5 Armour
 + Level 3.3 Dodging
 + Level 3.2 Stealth


You had 6 spell levels left.
You didn't know any spells.

Dungeon Overview and Level Annotations

Branches:
Dungeon (5/15)             Temple (0/1) D:5

Altars:
Ru
The Shining One

Annotations:
D:4 Borgoz's ghost, novice GrMo


Innate Abilities, Weirdness & Mutations

You are resistant to torment.
Your stone body is resilient. (AC +4)
You are immune to poison.
You resist negative energy. (rN+)
You are resistant to electric shocks. (rElec)
You can survive without breathing.
You are immune to petrification.
You are immune to rotting.
You are partially covered in rugged brown scales. (AC +1, +3% HP)
Scrolls take you a little longer to read.


Message History

The wolf bites you.
* * * LOW HITPOINT WARNING * * *
The wolf bites you but does no damage.
You hit the wolf.
The wolf is heavily wounded.
The wolf bites you.
* * * LOW HITPOINT WARNING * * *
You hit the wolf.
The wolf is severely wounded.
The wolf bites you but does no damage.
You closely miss the wolf.
The wolf is severely wounded.
The wolf bites you but does no damage. x2
You hit the wolf but do no damage.
The wolf is severely wounded.
The wolf completely misses you.
You hit the wolf.
The wolf is severely wounded.
The wolf barely misses you. The wolf bites you!
You die...

# #.
#..#########
#..h@.......
.....##########
###


You could see a wolf.

Vanquished Creatures
  2 wolves (D:8)
  An ogre (D:8)
  Natasha (thrice) (D:3)
  2 worker ants
  5 adders
  An adder skeleton (D:4)
  A worm (D:3)
  4 dart slugs
  3 leopard geckos
  5 bats
  3 giant cockroaches
  3 goblins
  5 hobgoblins
  6 jackals
  2 quokkas
  3 frilled lizards
  2 kobolds (D:1)
  6 rats
57 creatures vanquished.

Notes
Turn   | Place    | Note
-------+----------+-------------------------------------------
     0 | D:1      | Borgoz the Gargoyle Monk began the quest for the Orb.
     0 | D:1      | Reached XP level 1. HP: 14/14 MP: 1/1
   112 | D:1      | Reached XP level 2. HP: 15/19 MP: 2/2
   710 | D:1      | Reached skill level 3 in Short Blades
   839 | D:2      | Reached XP level 3. HP: 23/23 MP: 3/3
  2042 | D:3      | Noticed Natasha
  2059 | D:3      | Killed Natasha
  2059 | D:3      | Reached XP level 4. HP: 17/29 MP: 4/4
  2392 | D:3      | Noticed Natasha
  2402 | D:3      | Reached XP level 5. HP: 25/33 MP: 5/5
  2412 | D:3      | Killed Natasha
  2412 | D:3      | Reached skill level 4 in Short Blades
  3223 | D:4      | Noticed Borgoz's ghost (novice GrMo)
  3581 | D:3      | Noticed Natasha
  3603 | D:3      | Killed Natasha
  3603 | D:3      | Reached skill level 1 in Armour
  3603 | D:3      | Reached XP level 6. HP: 20/38 MP: 6/6
  3811 | D:4      | Found a sacrificial altar of Ru.
  3931 | D:4      | Found a glowing golden altar of the Shining One.
  3954 | D:5      | Entered Level 5 of the Dungeon
  3958 | D:5      | Found a staircase to the Ecumenical Temple.
  3962 | D:5      | You fall through a shaft for 3 floors!
  3973 | D:8      | Gained mutation: Scrolls take you a little longer to read. [potion of mutation]
  3973 | D:8      | Gained mutation: You are partially covered in rugged brown scales. (AC +1, +3% HP) [potion of mutation]
  4013 | D:8      | Reached skill level 5 in Short Blades
  4052 | D:8      | Reached XP level 7. HP: 38/45 MP: 7/7
  4110 | D:8      | HP: 2/45 [wolf[Grum] (2)]
  4114 | D:8      | Slain by a wolf

Vault maps used:
D:1:      mushboom_english_gardens
D:2:      minmay_misc_feat_tower
D:3:      first_ration, uniq_natasha
D:4:      lemuel_crystal_altar, kennysheep_diamond, minmay_curled_crystal,
          lemuel_statue_altar
D:5:      minmay_temple_entry_mist, hangedman_feature_mirror, minivault_25
D:8:      tso_metal_star, uniq_grum

Skill      XL: |  1  2  3  4  5  6 |
---------------+-------------------+-----
Short Blades   | 3 4 5 |  5.3
Stealth        | 3 |  3.2
Fighting       | 4 |  4.4
Dodging        | 3 |  3.3
Armour         | 1 2 |  2.5

Action                   |  1- 3 |  4- 6 |  7- 9 || total
-------------------------+-------+-------+-------++-------
Melee: Short sword       |   161 |   288 |    59 ||   508
Evoke: Wand              |       |     6 |       ||     6
  Use: Potion            |       |     7 |     3 ||    10
 Stab: Sleeping          |     2 |       |       ||     2
  Eat: Chunk             |     1 |     4 |       ||     5
       Ration            |     1 |     1 |       ||     2
Armor: Robe              |    32 |       |       ||    32
       Chain mail        |    35 |   142 |    52 ||   229
       Skin              |       |    49 |       ||    49
Dodge: Dodged            |    93 |    79 |    20 ||   192

Table legend:
 A = Spawn XP
 B = Non-spawn XP
 C = Spawn XP percentage of total XP
 D = Spawn monster count
 E = Non-spawn monster count
 F = Spawn count percentage of total count
 G = Total turns spent on level
                    A         B        C        D         E        F      G
               +---------+---------+-------+---------+---------+-------+---------
         Total |       0 |     687 |   0.0 |       0 |      57 |   0.0 |  4114
               +---------+---------+-------+---------+---------+-------+---------
           D:1 |       0 |      33 |   0.0 |       0 |      17 |   0.0 |   802
           D:2 |       0 |      22 |   0.0 |       0 |      12 |   0.0 |  1069
           D:3 |       0 |     214 |   0.0 |       0 |      21 |   0.0 |  1295
           D:4 |       0 |      66 |   0.0 |       0 |       4 |   0.0 |   788
           D:8 |       0 |     352 |   0.0 |       0 |       3 |   0.0 |   152
               +---------+---------+-------+---------+---------+-------+---------
